 Dungeon Crawl Stone Soup version 0.25.1-2-g60ff931df9 (webtiles) character file.

Game seed: 12840866800526292060

95 snilloc10 the Vandal (level 4, -2/29 HPs)
             Began as a Halfling Hunter on Dec 1, 2020.
             Slain by a gnoll
             ... wielding a +0 whip
              (6 damage)
             ... on level 2 of the Dungeon.
             The game lasted 00:10:59 (1907 turns).

snilloc10 the Vandal (Halfling Hunter)              Turns: 1907, Time: 00:11:00

Health: -2/29      AC:  3    Str: 13    XL:     4   Next: 95%
Magic:  4/4        EV: 16    Int:  9    God:
Gold:   88         SH:  0    Dex: 15    Spells: 3/3 levels left

rFire    . . .     SeeInvis .   b - +0 short sword
rCold    . . .     Gourm    .   (shield restricted)
rNeg     . . .     Faith    .   c - +0 leather armour
rPois    .         Spirit   .   (no helmet)
rElec    .         Reflect  .   (no cloak)
rCorr    .         Harm     .   (no gloves)
MR       .....                  (no boots)
Stlth    ++........             (no amulet)
HPRegen  0.09/turn              (no ring)
MPRegen  0.09/turn              (no ring)

@: no status effects
A: small, mutation resistance 1
a: no special abilities


You were on level 2 of the Dungeon.
You were hungry.

You visited 1 branch of the dungeon, and saw 3 of its levels.

You collected 88 gold pieces.

Inventory:

Hand Weapons
 a - a +2 hunting sling
 b - a +0 short sword (weapon)
Missiles
 d - 27 sling bullets
 g - a throwing net
 h - 37 stones (quivered)
Armour
 c - a +0 leather armour (worn)
Jewellery
 k - an uncursed ring of magical power {unknown}
 q - an uncursed amulet of guardian spirit {unknown}
Scrolls
 l - a scroll of fear
 o - a scroll of teleportation
Potions
 e - 3 potions of curing {unknown}
 j - a potion of brilliance {unknown}
 m - a potion of mutation {unknown}
 n - a potion of flight {unknown}
 r - a potion of haste {unknown}
Comestibles
 f - 5 rations


   Skills:
 - Level 1.7 Fighting
 - Level 0.1 Short Blades
 + Level 5.9 Slings
 - Level 2.0 Armour
 + Level 4.3 Dodging
 * Level 1.6 Stealth


You had 3 spell levels left.
You didn't know any spells.
Your spell library was empty.

Dungeon Overview and Level Annotations

Branches:
Dungeon (3/15)

Altars:


Innate Abilities, Weirdness & Mutations

You are small and have problems with some larger weapons.
You are somewhat resistant to further mutation.


Message History

The gnoll hits you with a +0 whip! The gnoll barely misses you.
You hit the gnoll.
The gnoll is severely wounded.
The gnoll hits you but does no damage. The gnoll hits you with a +0 flail.
You hit the gnoll but do no damage.
The gnoll is severely wounded.
The gnoll hits you with a +0 whip.
* * * LOW HITPOINT WARNING * * *
The gnoll closely misses you.
You hit the gnoll but do no damage.
The gnoll is severely wounded.
The gnoll barely misses you. The gnoll hits you with a +0 flail.
* * * LOW HITPOINT WARNING * * *
The gnoll hits you but does no damage.
You hit the gnoll.
The gnoll is almost dead.
The gnoll hits you with a +0 flail.
* * * LOW HITPOINT WARNING * * *
The gnoll hits you with a +0 whip.
You die...

...........###.#..........######.
###............#..........'......
#.......................######.
###...........#...#......)# ##
..............#...#.......#
.....##.......##..####.####
........................#
.................g......########
............#...@g.............#
...............................#
######.........#####...........#
.............................###
.............................#
.............................#
.............................#
.....................#########
.............................#


You could see 2 gnolls.

Vanquished Creatures
  3 adders
  An ooze (D:2)
  2 dart slugs (D:1)
  4 leopard geckos
  12 bats
  3 giant cockroaches
  3 goblins
  2 hobgoblins (D:2)
  6 jackals
  7 kobolds
  7 frilled lizards
  7 rats
57 creatures vanquished.

Notes
Turn   | Place    | Note
-------+----------+-------------------------------------------
     0 | D:1      | snilloc10 the Halfling Hunter began the quest for the Orb.
     0 | D:1      | Reached XP level 1. HP: 14/14 MP: 1/1
   143 | D:1      | Reached XP level 2. HP: 19/19 MP: 2/2
   422 | D:1      | Reached XP level 3. HP: 22/24 MP: 3/3
   424 | D:1      | Reached skill level 1 in Armour
   893 | D:2      | Reached XP level 4. HP: 27/29 MP: 4/4
  1907 | D:2      | Slain by a gnoll

Illustrated notes

Levels and vault maps discovered:
D:1:      dpeg_arrival_tiny_i, layout_loops_cross
D:2:      layout_basic
D:3:      layout_loops_ring, nicolae_overflow_hidden_temple,
          nicolae_overflow_crystal_walls, portal_sewer_entry_d,
          dk_noncrumbling_3, grunt_gozag_breadcrumbs, uniq_natasha

Skill      XL: |  1  2  3  4 |
---------------+-------------+-----
Dodging        | 3 4 |  4.3
Armour         | 1 2 |  2.0
Fighting       | |  1.7
Short Blades   | |  0.1
Slings         | |  5.9
Stealth        | |  1.6

Action                   |  1- 3 |  4- 6 || total
-------------------------+-------+-------++-------
Melee: Short sword       |       |    21 ||    21
 Fire: Hunting sling     |    84 |    59 ||   143
  Use: Scroll            |       |     5 ||     5
  Eat: Chunk             |       |     2 ||     2
Armor: Leather armour    |     9 |    10 ||    19
Dodge: Dodged            |    30 |    32 ||    62
